 Dungeon Crawl Stone Soup version 0.29-a0-356-g7bc237e783 (webtiles) character file.

Game seed: 15066550464352194600

909 sammy202020 the Ruffian (level 7, -4/71 HPs)
             Began as a Troll Fighter on Apr 27, 2022.
             Was a Believer of Okawaru.
             Slain by a scorpion (7 damage)
             ... on level 5 of the Dungeon.
             The game lasted 00:09:32 (3201 turns).

sammy202020 the Ruffian (Troll Fighter)             Turns: 3201, Time: 00:09:34

Health: -4/71      AC:  4    Str: 25      XL:     7   Next: 81%
Magic:  5/7        EV:  9    Int:  6      God:    Okawaru [**....]
Gold:   134        SH:  9    Dex:  5 (9)  Spells: 6/6 levels left

rFire   + . .      SeeInvis .     - Unarmed
rCold   . . .      Faith    .   b - +0 kite shield
rNeg    . . .      Spirit   .   q - +0 robe {rF+}
rPois   .          Reflect  .   (helmet restricted)
rElec   .          Harm     .   (no cloak)
rCorr   .          Rampage  .   (gloves unavailable)
Will    .....                   (boots unavailable)
Stlth   ++........              (no amulet)
HPRegen 1.01/turn               k - ring of wizardry
MPRegen 0.10/turn               (no ring)

@: lethally poisoned (-4 -> -7), heroic
A: large, unfitting armour, claws 3, regeneration 1, shaggy fur 1, tough skin 1
a: Renounce Religion, Heroism


You were on level 5 of the Dungeon.
You worshipped Okawaru.
Okawaru was pleased with you.
You visited 2 branches of the dungeon, and saw 6 of its levels.

You collected 134 gold pieces.

Inventory:

Hand Weapons
 e - a +1 flail of protection
 f - a +0 club
 o - a +0 hand axe
Missiles
 h - 5 javelins (quivered)
Armour
 a - a +0 robe
 b - a +0 kite shield (worn)
 m - a +0 cloak
 q - a +0 robe of fire resistance (worn)
Jewellery
 j - a ring of ice
 k - a ring of wizardry (left claw)
 p - a +6 ring of intelligence
Scrolls
 d - a scroll of holy word
 g - 3 scrolls of identify
Potions
 c - a potion of flight
 i - a potion of mutation
 n - a potion of attraction


   Skills:
 * Level 4.3(9.3) Fighting
 + Level 2.4(7.4) Maces & Flails
 + Level 3.5(8.5) Dodging
 * Level 4.2(9.2) Shields
 * Level 4.7(9.7) Unarmed Combat
 + Level 1.6 Invocations


You had 6 spell levels left.
You didn't know any spells.
Your spell library contained the following spells:

 Spells                   Type           Power      Damage    Failure   Level
 Apportation              Tloc           0%         N/A       34%         1
 Pain                     Necr           0%         1d4       34%         1
 Ozocubu's Armour         Ice            0%         N/A       71%         3
 Agony                    Necr           0%         N/A       100%        5
 Excruciating Wounds      Necr           0%         N/A       100%        5
 Ozocubu's Refrigeration  Ice            0%         4d5       100%        7
 Animate Skeleton         Necr           Unusable   N/A       N/A         1
 Summon Small Mammal      Summ           Unusable   N/A       N/A         1

Dungeon Overview and Level Annotations

Branches:
Dungeon (5/15)             Temple (1/1) D:4

Altars:
Elyvilon
Fedhas
Hepliaklqana
Nemelex Xobeh
Okawaru
Qazlal
Ru
Sif Muna
Trog
Uskayaw
Wu Jian
Xom
Zin
The Shining One


Innate Abilities, Weirdness & Mutations

You are too large for most types of armour.
You have claws for hands.
Your natural rate of healing is unusually fast.
You are covered in fur. (AC +1)
You have tough skin. (AC +1)


Message History

You barely miss the orc.
You feel very sick.
A jackal comes into view.
The orc hits you with a +0 falchion.
* * * LOW HITPOINT WARNING * * *
You block the orc's attack. The scorpion stings you.
* * * LOW HITPOINT WARNING * * *
You block the orc's attack. The orc barely misses you.
You feel much better.
You feel very sick.
The jackal barks!
The scorpion stings you but does no damage.
The orc hits you with a +0 trident. You block the orc's attack.
The orc hits you but does no damage. You block the orc's attack.
You gain the combat prowess of a mighty hero.
You feel sick. The scorpion stings you.
* * * LOW HITPOINT WARNING * * *
You are more poisoned.
The scorpion poisons you! You block the orc's attack.
The orc hits you but does no damage. The orc hits you with a +0 falchion.
* * * LOW HITPOINT WARNING * * *
You block the orc's attack. The scorpion stings you.
* * * LOW HITPOINT WARNING * * *
You mangle the orc!!
You kill the orc!
Okawaru accepts your kill.
You feel very sick.
A jackal comes into view.
You block the orc's attack. The orc closely misses you.
The orc barely misses you. You block the scorpion's attack.
The orc attacks as you move away! You block the orc's attack.
You feel very sick. The orc barely misses you.
You claw the scorpion!
The scorpion is almost dead.
You feel very sick. The orc hits you with a +0 falchion.
* * * LOW HITPOINT WARNING * * *
You block the orc's attack. The scorpion stings you!
You die...

##...................##.##.
#............######>###.# .
##..........# #.# #.# .
##.........# #.# #.# .
#.........###### #.# .
#............... ..# #
#$....)......... ).
#......soo.......
#.......@ho......
#................
....#######./.... ....
...... ... ...... ......
#+###


You could see a scorpion, 3 orcs and a jackal.

Vanquished Creatures
  The ghost of NinjaNoafa the Sneak, a novice KoBr of Ashenzari (D:4)
  Eustachio (D:4)
  Duvessa (D:4)
  A phantom (D:4)
  A scorpion (D:4)
  Dowan (D:4)
  2 iguanas (D:5)
  Natasha (twice) (D:3)
  Robin (D:4)
  A gnoll (D:1)
  3 adders
  A white imp (D:5)
  A worm (D:4)
  2 dart slugs (D:1)
  2 orcs (D:5)
  6 ball pythons
  5 bats
  3 endoplasms (D:1)
  4 giant cockroaches
  8 hobgoblins
  4 jackals (D:1)
  13 kobolds
  5 quokkas
  4 frilled lizards
  12 goblins
  4 rats
89 creatures vanquished.

Notes
Turn   | Place    | Note
-------+----------+-------------------------------------------
     0 | D:1      | sammy202020 the Troll Fighter began the quest for the Orb.
     0 | D:1      | Reached XP level 1. HP: 22/22 MP: 0/0
   130 | D:1      | Reached XP level 2. HP: 27/29 MP: 1/1
   213 | D:1      | Reached XP level 3. HP: 36/36 MP: 2/2
  1212 | D:2      | Reached XP level 4. HP: 44/44 MP: 3/3
  1689 | D:3      | Noticed Natasha
  1710 | D:3      | Killed Natasha
  1750 | D:3      | Reached skill level 1 in Maces & Flails
  1753 | D:3      | Noticed Natasha
  1754 | D:3      | Found a faded altar of an unknown god.
  1757 | D:3      | Killed Natasha
  1985 | D:4      | Noticed Robin
  2004 | D:4      | Reached XP level 5. HP: 34/53 MP: 4/4
  2015 | D:4      | Killed Robin
  2083 | D:4      | Found a staircase to the Ecumenical Temple.
  2083 | D:4      | Noticed a phantom
  2089 | Temple   | Entered the Ecumenical Temple
  2246 | Temple   | Became a worshipper of Warmaster Okawaru
  2280 | D:4      | Killed a phantom
  2392 | D:4      | Noticed Duvessa
  2400 | D:4      | Reached XP level 6. HP: 57/61 MP: 5/5
  2406 | D:4      | Noticed Dowan
  2407 | D:4      | Killed Duvessa
  2417 | D:4      | Killed Dowan
  2417 | D:4      | Reached * piety under Okawaru
  2494 | D:4      | Found a runed translucent door.
  2495 | D:4      | Noticed NinjaNoafa's ghost (novice KoBr)
  2505 | D:4      | Killed NinjaNoafa's ghost
  2505 | D:4      | Reached ** piety under Okawaru
  2506 | D:4      | Reached skill level 1 in Invocations
  2506 | D:4      | Reached XP level 7. HP: 70/70 MP: 6/6
  2537 | D:4      | Noticed Eustachio
  2575 | D:4      | Killed Eustachio
  3039 | D:4      | Found a hide-covered altar of Uskayaw.
  3096 | D:5      | Entered Level 5 of the Dungeon
  3096 | D:5      | Found a stormy altar of Qazlal.
  3096 | D:5      | Found a glowing golden altar of the Shining One.
  3096 | D:5      | Found an ornate altar of the Wu Jian Council.
  3096 | D:5      | Found a shimmering blue altar of Sif Muna.
  3201 | D:5      | HP: 3/71 [orc/+0 falchion (4)]
  3201 | D:5      | Slain by a scorpion

Illustrated notes

Levels and vault maps discovered:
D:1:      minmay_arrival_three_doors, layout_loops_ring,
          minmay_misc_feat_rugged, minmay_tromino_v4_b
D:2:      layout_loops_corners, minmay_ruptured
D:3:      layout_loops_cross, basic_ecumenical_altar, uniq_grinder, uniq_natasha
D:4:      layout_rooms, nicolae_uskayaw_suspiria,
          minmay_temple_entry_gardened_gates, gammafunk_ghost_grave, uniq_robin,
          uniq_eustachio, uniq_duvessa
D:5:      layout_basic, grunt_temple_overflow_open,
          gammafunk_ghost_abyssal_escape, minmay_misc_feat_plants,
          minmay_misc_feat_four_crosses
Temple:   dpeg_chambers_temple

Skill      XL: |  1  2  3  4  5  6 |
---------------+-------------------+-----
Fighting       | 3 4 |  4.3
Shields        | 3 4 |  4.2
Unarmed Combat | 3 4 |  4.7
Maces & Flails | 1 2 |  2.4
Dodging        | 3 |  3.5
Invocations    | 1 |  1.6

Action                   |  1- 3 |  4- 6 |  7- 9 || total
-------------------------+-------+-------+-------++-------
Melee: Unarmed           |    98 |   140 |    48 ||   286
Invok: Heroism           |       |       |     2 ||     2
  Use: Scroll            |     3 |     7 |     1 ||    11
       Potion            |       |     3 |     1 ||     4
Armor: Robe              |    22 |    59 |    64 ||   145
Dodge: Dodged            |    44 |    63 |    63 ||   170
Block: Kite shield       |    32 |    54 |    71 ||   157

Table legend: (Time is in decaauts)
 A = Elapsed time spent in this place.
 B = Non-inter-level travel time spent in this place.
 C = Inter-level travel time spent in this place.
 D = Time resting spent in this place.
 E = Time spent auto-exploring this place.
 F = Levels seen in this place.
 G = Mean time per level.
                   A        B        C        D        E       F      G
               +--------+--------+--------+--------+--------+-----+--------+
         Total |   3220 |   3075 |    145 |    472 |   1868 |   6 |  536.7 |
       Dungeon |   3041 |   2924 |    117 |    472 |   1736 |   5 |  608.2 |
        Temple |    178 |    150 |     28 |      0 |    132 |   1 |  178.0 |
               +--------+--------+--------+--------+--------+-----+--------+

Top non-repeatable levels by time:
     D:4: 977 daAuts
     D:2: 862 daAuts
     D:1: 683 daAuts
     D:3: 411 daAuts
  Temple: 178 daAuts
     D:5: 105 daAuts
